 Dungeon Crawl Stone Soup version 0.20.0-15-g7f486f2 (webtiles) character file.

644 greprep the Grappler (level 7, -3/58 (59) HPs)
             Began as a Ghoul Monk on June 26, 2017.
             Slain by an orc priest
             ... wielding a +0 whip
              (8 damage)
             ... on level 7 of the Dungeon.
             The game lasted 00:08:22 (3071 turns).

greprep the Grappler (Ghoul Monk)                   Turns: 3071, Time: 00:08:23

HP:   -3/58 (59)    AC:  4    Str: 17    XL:     7   Next: 52%
MP:   6/6           EV: 13    Int:  5    God:
Gold: 137           SH:  0    Dex: 11    Spells: 6/6 levels left

rFire    . . .     SeeInvis .     - Unarmed
rCold    + . .     Gourm    .   (no shield)
rNeg     + + +     Faith    .   a - +0 robe
rPois    ∞         Spirit   .   (no helmet)
rElec    .         Reflect  .   t - +0 cloak
rCorr    .         Harm     .   q - +0 pair of gloves
MR       .....                  (no boots)
Stlth    ++........             (no amulet)
Regen    0.0/turn               (no ring)
MPRegen  0.1/turn               (no ring)

@: rotting
A: rotting body, claws 1, carnivore 3, cold resistance 1, negative energy
resistance 3, inhibited regeneration, torment resistance, unbreathing
a: no special abilities


You were on level 7 of the Dungeon.
You were not hungry.

You visited 1 branch of the dungeon, and saw 5 of its levels.

You collected 137 gold pieces.

Inventory:

Armour
 a - a +0 robe (worn)
 q - a +0 pair of gloves (worn)
 t - a +0 cloak (worn)
Wands
 u - a wand of random effects (33/48)
 v - a wand of iceblast (9/15)
Scrolls
 d - 2 scrolls of recharging {unknown}
 e - 3 scrolls of teleportation {unknown}
 h - a scroll of blinking {unknown}
 i - 2 scrolls of remove curse {unknown}
 j - a scroll of fear {unknown}
 k - 4 scrolls of identify {unknown}
 m - 2 scrolls of fog {unknown}
 n - 2 scrolls of noise {unknown}
 o - a scroll of magic mapping {unknown}
 s - a scroll of enchant armour {unknown}
Potions
 c - a potion of lignification {unknown}
 f - 3 potions of curing {unknown}
 l - 2 potions of cancellation {unknown}
 p - 2 potions of mutation {unknown}
Books
 r - a book of Misfortune

   Spells                             Type                      Level
   a - Confusing Touch                Hexes                        1
   b - Confuse                        Hexes                        3
   c - Gell's Gravitas                Translocation                3
   d - Petrify                        Transmutation/Earth          4
   e - Metabolic Englaciation         Hexes/Ice                    5
   f - Yara's Violent Unravelling     Hexes/Transmutation          5
Comestibles
 b - 2 meat rations
 g - 2 royal jellies


   Skills:
 + Level 4.1 Fighting
 + Level 4.2 Dodging
 - Level 2.1 Stealth
 * Level 8.0 Unarmed Combat


You had 6 spell levels left.
You didn't know any spells.

Dungeon Overview and Level Annotations

Branches:
Dungeon (4/15)
 Temple: D:4-7

Altars:
Sif Muna

Shops:
D:4 [[:(


Innate Abilities, Weirdness & Mutations

Your body is rotting away.
You thrive on raw meat.
You are immune to poison.
You have sharp fingernails.
You are carnivorous and can eat meat at any time.
Your flesh is cold resistant. (rC+)
You are immune to negative energy. (rN+++)
You do not regenerate when monsters are visible.
You are immune to unholy pain and torment.
You can survive without breathing.


Message History

You hit the orc warrior but do no damage.
You punch the orc warrior, but do no damage.
The orc warrior is almost dead.
The orc warrior hits you but does no damage.
You hit the orc warrior but do no damage.
The orc warrior is almost dead.
The orc warrior closely misses you.
You closely miss the orc warrior.
The orc warrior is almost dead.
You hit the orc warrior.
You kill the orc warrior!
Your Unarmed Combat skill increases to level 8!
You hit the orc priest.
The orc priest is lightly wounded.
The orc priest hits you with a whip.
* * * LOW HITPOINT WARNING * * *
You punch the orc priest!
The orc priest is almost dead.
The orc priest hits you with a whip!
You die...

#.#
#.#
#.#
#.#
#.#
#.#
#.#
#.#
#.#
#.#
#.#
#.#
#.#
#.#
#.#
#.#
#@#
#.#
#o#
#.#
5o#
#.#
...#
#.#
#..>#
#.#
#.###
#.#
#.
#.#
#.
#.#
#.#


You could see an orc priest, a crimson imp and an orc.

Vanquished Creatures
  An orc warrior (D:7)
  5 scorpions (D:4)
  Crazy Yiuf (D:3)
  An orc priest (D:3)
  An orc wizard (D:3)
  Ijyb (D:3)
  Jessica (D:3)
  A worker ant (D:4)
  A hound zombie (D:4)
  5 adders
  2 worms
  3 dart slugs
  A leopard gecko (D:4)
  6 orcs
  12 bats
  3 giant cockroaches
  8 hobgoblins
  12 jackals
  3 kobolds
  3 quokkas
  5 frilled lizards
  5 goblins
  A jackal skeleton (D:4)
  A fungus (D:4)
83 creatures vanquished.

Notes
Turn   | Place    | Note
-------+----------+-------------------------------------------
     0 | D:1      | greprep the Ghoul Monk began the quest for the Orb.
     0 | D:1      | Reached XP level 1. HP: 19/19 MP: 0/0
    87 | D:1      | Reached XP level 2. HP: 26/26 MP: 1/1
   764 | D:2      | Reached XP level 3. HP: 11/30 MP: 2/2
   800 | D:2      | Reached skill level 4 in Unarmed Combat
  1414 | D:3      | Reached XP level 4. HP: 34/40 MP: 3/3
  1612 | D:3      | Found a deep blue altar of Sif Muna.
  1714 | D:3      | Found a runed door.
  1855 | D:3      | Noticed Crazy Yiuf
  1858 | D:3      | Killed Crazy Yiuf
  1858 | D:3      | Reached skill level 5 in Unarmed Combat
  1858 | D:3      | Reached XP level 5. HP: 46/46 MP: 4/4
  1953 | D:3      | Noticed Jessica
  1966 | D:3      | Killed Jessica
  1998 | D:3      | Noticed Ijyb
  2010 | D:3      | Killed Ijyb
  2379 | D:4      | Reached skill level 6 in Unarmed Combat
  2379 | D:4      | Reached XP level 6. HP: 47/51 MP: 5/5
  2610 | D:4      | Found Poetrih's Book Shoppe.
  2613 | D:4      | Found Veuwnom's Antique Weapon Shoppe.
  2614 | D:4      | Found Hownoatwo's Armour Shoppe.
  2615 | D:4      | Found Keteppu's Armour Shoppe.
  2755 | D:4      | Reached skill level 7 in Unarmed Combat
  2760 | D:4      | Reached XP level 7. HP: 45/57 MP: 6/6
  2962 | D:4      | You fall through a shaft for 3 floors!
  3069 | D:7      | Reached skill level 8 in Unarmed Combat
  3071 | D:7      | Slain by an orc priest

Skill      XL: |  1  2  3  4  5  6  7 |
---------------+----------------------+-----
Dodging        | 3 4 |  4.2
Unarmed Combat | 4 5 6 7 8 |  8.0
Fighting       | 4 |  4.1
Stealth        | |  2.1

Action                   |  1- 3 |  4- 6 |  7- 9 || total
-------------------------+-------+-------+-------++-------
Melee: Unarmed           |    56 |   115 |    65 ||   236
       Punch             |       |     5 |     8 ||    13
Throw: Javelin           |    44 |    27 |       ||    71
 Stab: Sleeping          |     3 |     1 |       ||     4
  Eat: Chunk             |    12 |    11 |     3 ||    26
Armor: Robe              |    13 |    31 |    24 ||    68
Dodge: Dodged            |    54 |    62 |    52 ||   168
